| TOP OF THE 1ST |
|
Burlington Bees batting - Pitching for Lake County Captains : RHP Victor Barron
|
|
Pitching: RHP Victor Barron
|
|
|
Batting: RHB Sean Rocha
|
0-0: Ball 1-0: Ball 2-0: Ball 3-0: Ground out 4-3 (Groundball, 13, EV 86.9 MPH)
|
|
Batting: RHB Danny Bjarnson
|
0-0: Swinging Strike 0-1: Ball 1-1: Foul Ball, location: 2F 1-2: Strikes out swinging
|
|
Batting: RHB Peter Westover
|
0-0: Ball 1-0: Ground out 5-3 (Groundball, 15, EV 83.8 MPH)
|
| Top of the 1st over - 0 runs, 0 hits, 0 errors, 0 left on base; Burlington 0 - Lake County 0 |
| BOTTOM OF THE 1ST |
|
Lake County Captains batting - Pitching for Burlington Bees : RHP Chris DePalma
|
|
Pitching: RHP Chris DePalma
|
|
|
Batting: RHB George Wagner
|
0-0: Foul Ball, location: 2F 0-1: Foul Ball, location: 2F 0-2: Ball 1-2: Ball 2-2: Strikes out swinging
|
|
Batting: RHB Steve Gusman
|
0-0: Foul Ball, location: 2F 0-1: Called Strike 0-2: Ball 1-2: Foul Ball, location: 2F 1-2: Ground out 4-3 (Groundball, 4, EV 85.0 MPH)
|
|
Batting: RHB Josh Patterson
|
0-0: Called Strike 0-1: Foul Ball, location: 2F 0-2: Ball 1-2: Ground out 1-3 (Groundball, 34S, EV 71.2 MPH)
|
| Bottom of the 1st over - 0 runs, 0 hits, 0 errors, 0 left on base; Burlington 0 - Lake County 0 |
| TOP OF THE 2ND |
|
Burlington Bees batting - Pitching for Lake County Captains : RHP Victor Barron
|
|
Batting: SHB Danny Gelinas
|
0-0: Ball 1-0: Foul Ball, location: 2F 1-1: Ball 2-1: Swinging Strike 2-2: Strikes out swinging
|
|
Batting: RHB Dan Burkhart
|
0-0: Swinging Strike 0-1: Ball 1-1: Swinging Strike 1-2: Foul Ball, location: 2F 1-2: Strikes out swinging
|
|
Batting: LHB Spencer Palmer
|
0-0: Ball 1-0: Ball 2-0: Ball 3-0: Base on Balls
|
|
Batting: RHB Rory Cobb
|
0-0: Swinging Strike 0-1: Ball 1-1: Called Strike 1-2: Hit by Pitch Spencer Palmer to second
|
|
Batting: LHB Jamie Diebel
|
0-0: Called Strike 0-1: Ball 1-1: Foul Ball, location: 2F 1-2: Strikes out swinging
|
| Top of the 2nd over - 0 runs, 0 hits, 0 errors, 2 left on base; Burlington 0 - Lake County 0 |
| BOTTOM OF THE 2ND |
|
Lake County Captains batting - Pitching for Burlington Bees : RHP Chris DePalma
|
|
Batting: LHB Jeff Palmowski
|
0-0: Ball 1-0: Ball 2-0: Ball 3-0: Called Strike 3-1: Swinging Strike 3-2: Base on Balls
|
|
Batting: RHB Adam McMillen
|
0-0: Ball 1-0: Ball 2-0: Called Strike 2-1: Grounds into double play, 6-4-3 (Groundball, 6, EV 88.8 MPH)
|
|
Batting: LHB Aaron Caron
|
0-0: Ball 1-0: Ball 2-0: SINGLE (Groundball, 34D, EV 108.8 MPH)
|
|
Batting: RHB Carlos Salazar
|
0-0: Called Strike 0-1: Foul Ball, location: 2F 0-2: Foul Ball, location: 2F 0-2: Fly out, F7 (Line Drive, 7S, EV 92.5 MPH)
|
| Bottom of the 2nd over - 0 runs, 1 hit, 0 errors, 1 left on base; Burlington 0 - Lake County 0 |
| TOP OF THE 3RD |
|
Burlington Bees batting - Pitching for Lake County Captains : RHP Victor Barron
|
|
Batting: RHB Dan Thomey
|
0-0: Fly out, F9 (Flyball, 9D, EV 90.0 MPH)
|
|
Batting: RHB Sean Rocha
|
0-0: Ball 1-0: Foul Ball, location: 2F 1-1: Ball 2-1: DOUBLE (Line Drive, 89M, EV 113.8 MPH)
|
|
Batting: RHB Danny Bjarnson
|
0-0: Ground out 1-3 (Groundball, 34S, EV 70.6 MPH) Sean Rocha to third
|
|
Batting: RHB Peter Westover
|
0-0: Ball 1-0: Called Strike 1-1: Swinging Strike 1-2: Strikes out looking
|
| Top of the 3rd over - 0 runs, 1 hit, 0 errors, 1 left on base; Burlington 0 - Lake County 0 |
| BOTTOM OF THE 3RD |
|
Lake County Captains batting - Pitching for Burlington Bees : RHP Chris DePalma
|
|
Batting: RHB Chris Diaz
|
0-0: Ball 1-0: SINGLE (Line Drive, 6M, EV 100.6 MPH)
|
|
Batting: RHB Anibal Casteles
|
0-0: Called Strike 0-1: Foul Ball, location: 2F 0-2: Grounds into double play, 6-4-3 (Groundball, 6, EV 93.1 MPH)
|
|
Batting: RHB George Wagner
|
0-0: Called Strike 0-1: Swinging Strike 0-2: Foul Ball, location: 2F 0-2: Fly out, F8 (Flyball, 8LS, EV 91.2 MPH)
|
| Bottom of the 3rd over - 0 runs, 1 hit, 0 errors, 0 left on base; Burlington 0 - Lake County 0 |
| TOP OF THE 4TH |
|
Burlington Bees batting - Pitching for Lake County Captains : RHP Victor Barron
|
|
Batting: SHB Danny Gelinas
|
0-0: Ground out U3 (Groundball, 3L, EV 100.6 MPH)
|
|
Batting: RHB Dan Burkhart
|
0-0: Foul Ball, location: 2F 0-1: Ball 1-1: Swinging Strike 1-2: Ground out 5-3 (Groundball, 56S, EV 77.5 MPH)
|
|
Batting: LHB Spencer Palmer
|
0-0: Ball 1-0: Ball 2-0: Called Strike 2-1: Foul Ball, location: 2F 2-2: Ball 3-2: Strikes out swinging
|
| Top of the 4th over - 0 runs, 0 hits, 0 errors, 0 left on base; Burlington 0 - Lake County 0 |
| BOTTOM OF THE 4TH |
|
Lake County Captains batting - Pitching for Burlington Bees : RHP Chris DePalma
|
|
Batting: RHB Steve Gusman
|
0-0: Ball 1-0: Called Strike 1-1: Ground out 6-3 (Groundball, 56, EV 99.4 MPH)
|
|
Batting: RHB Josh Patterson
|
0-0: Ball 1-0: Ground out 6-3 (Groundball, 6, EV 86.2 MPH)
|
|
Batting: LHB Jeff Palmowski
|
0-0: Foul Ball, location: 2F 0-1: Ground out 4-3 (Groundball, 4M, EV 98.1 MPH)
|
| Bottom of the 4th over - 0 runs, 0 hits, 0 errors, 0 left on base; Burlington 0 - Lake County 0 |
| TOP OF THE 5TH |
|
Burlington Bees batting - Pitching for Lake County Captains : RHP Victor Barron
|
|
Batting: RHB Rory Cobb
|
0-0: Ball 1-0: Ground out 5-3 (Groundball, 5, EV 79.4 MPH)
|
|
Batting: LHB Jamie Diebel
|
0-0: Ball 1-0: Ground out 5-3 (Groundball, 56S, EV 80.6 MPH)
|
|
Batting: RHB Dan Thomey
|
0-0: Ball 1-0: Swinging Strike 1-1: Ball 2-1: Ball 3-1: Called Strike 3-2: Strikes out swinging
|
| Top of the 5th over - 0 runs, 0 hits, 0 errors, 0 left on base; Burlington 0 - Lake County 0 |
| BOTTOM OF THE 5TH |
|
Lake County Captains batting - Pitching for Burlington Bees : RHP Chris DePalma
|
|
Batting: RHB Adam McMillen
|
0-0: Called Strike 0-1: Fly out, F8 (Flyball, 8LM, EV 90.0 MPH)
|
|
Batting: LHB Aaron Caron
|
0-0: Ball 1-0: Ball 2-0: Swinging Strike 2-1: Called Strike 2-2: Ball 3-2: DOUBLE (Line Drive, 9LM, EV 106.9 MPH)
|
|
Batting: RHB Carlos Salazar
|
0-0: Called Strike 0-1: Ball 1-1: Ball 2-1: Ball 3-1: Called Strike 3-2: Base on Balls
|
|
Batting: RHB Chris Diaz
|
0-0: Ball 1-0: Ball 2-0: Ball 3-0: Foul Ball, location: 2F 3-1: Base on Balls Aaron Caron to third Carlos Salazar to second
|
|
Batting: RHB Anibal Casteles
|
0-0: Ball 1-0: Called Strike 1-1: Ball 2-1: Swinging Strike 2-2: Foul Ball, location: 2F 2-2: SINGLE (Groundball, 56, EV 98.8 MPH) Aaron Caron scores Carlos Salazar to third Chris Diaz to second Runner from 3rd tries for Home, throw by LF and OUT! 7-2
|
|
Batting: RHB George Wagner
|
0-0: Called Strike 0-1: Foul Ball, location: 2F 0-2: Ground out 4-3 (Groundball, 4, EV 91.9 MPH)
|
| Bottom of the 5th over - 1 run, 2 hits, 0 errors, 2 left on base; Burlington 0 - Lake County 1 |
| TOP OF THE 6TH |
|
Burlington Bees batting - Pitching for Lake County Captains : RHP Victor Barron
|
|
Batting: RHB Sean Rocha
|
0-0: Ball 1-0: DOUBLE (Line Drive, 78M, EV 95.0 MPH)
|
|
Batting: RHB Danny Bjarnson
|
0-0: Ball 1-0: Ground out 1-3 (Groundball, 13, EV 71.9 MPH) Sean Rocha to third
|
|
Batting: RHB Peter Westover
|
0-0: Ball 1-0: Ball 2-0: Ball 3-0: Called Strike 3-1: Ground out 6-3 (Groundball, 6, EV 80.0 MPH)
|
|
Batting: SHB Danny Gelinas
|
0-0: Ball 1-0: Foul Ball, location: 2F 1-1: Ball 2-1: Foul Ball, location: 2F 2-2: Ball 3-2: Foul Ball, location: 2F 3-2: Base on Balls
|
|
Batting: RHB Dan Burkhart
|
0-0: Ball 1-0: Ball 2-0: Called Strike 2-1: Foul Ball, location: 2F 2-2: DOUBLE (Flyball, 8RXD, EV 106.9 MPH) Sean Rocha scores Danny Gelinas to third
|
|
Batting: LHB Spencer Palmer
|
0-0: Called Strike 0-1: Called Strike 0-2: Foul Ball, location: 2F 0-2: Ball 1-2: Ball 2-2: SINGLE (Groundball, 6, EV 98.8 MPH) Danny Gelinas scores Dan Burkhart to third Runner from 3rd tries for Home, throw by CF and OUT! 8-2
|
| Top of the 6th over - 2 runs, 3 hits, 0 errors, 1 left on base; Burlington 2 - Lake County 1 |
| BOTTOM OF THE 6TH |
|
Lake County Captains batting - Pitching for Burlington Bees : RHP Chris DePalma
|
|
Batting: RHB Steve Gusman
|
0-0: Called Strike 0-1: Ball 1-1: DOUBLE (Line Drive, 9LD, EV 103.8 MPH)
|
|
Batting: RHB Josh Patterson
|
0-0: Ball 1-0: Called Strike 1-1: Ball 2-1: Foul Ball, location: 2F 2-2: Ball 3-2: Base on Balls
|
|
Batting: LHB Jeff Palmowski
|
0-0: Ball 1-0: Ball 2-0: Ball 3-0: Called Strike 3-1: Foul Ball, location: 2F 3-2: Base on Balls Steve Gusman to third Josh Patterson to second
|
|
Pitching: RHP Jose Alvarado
|
|
|
Pinch Hitting: LHB Brandon Hopper
|
0-0: Called Strike 0-1: Swinging Strike 0-2: Ball 1-2: Strikes out swinging
|
|
Batting: LHB Aaron Caron
|
0-0: Grounds into fielders choice 4-2 (Groundball, 4MS, EV 77.5 MPH) Josh Patterson to third Jeff Palmowski to second
|
|
Pinch Hitting: LHB John Shults
|
0-0: Called Strike Balk! Josh Patterson scores Jeff Palmowski to third Aaron Caron to second 0-1: Ground out 5-3 (Groundball, 56, EV 88.1 MPH)
|
| Bottom of the 6th over - 1 run, 1 hit, 0 errors, 2 left on base; Burlington 2 - Lake County 2 |
| TOP OF THE 7TH |
|
Burlington Bees batting - Pitching for Lake County Captains : RHP Victor Barron
|
|
Now at SS: Jeremy Givens
|
|
|
Now in LF: Brandon Hopper
|
|
|
Batting: RHB Rory Cobb
|
0-0: Called Strike 0-1: Foul Ball, location: 2F 0-2: Fly out, F9 (Flyball, 9D, EV 102.5 MPH)
|
|
Batting: LHB Jamie Diebel
|
0-0: Ball 1-0: Ball 2-0: Ground out U3 (Groundball, 3, EV 96.9 MPH)
|
|
Batting: RHB Dan Thomey
|
0-0: Fly out, F8 (Flyball, 8RD, EV 83.8 MPH)
|
| Top of the 7th over - 0 runs, 0 hits, 0 errors, 0 left on base; Burlington 2 - Lake County 2 |
| BOTTOM OF THE 7TH |
|
Lake County Captains batting - Pitching for Burlington Bees : RHP Jose Alvarado
|
|
Pinch Hitting: LHB Ben Rubenacker
|
0-0: Called Strike 0-1: Foul Ball, location: 2F 0-2: Ball 1-2: Ball 2-2: Ball 3-2: Foul Ball, location: 2F 3-2: Foul Ball, location: 2F 3-2: Strikes out swinging
|
|
Batting: RHB Anibal Casteles
|
0-0: Ball 1-0: Ball 2-0: Foul Ball, location: 2F 2-1: SOLO HOME RUN (Flyball, 7LD, EV 91.2 MPH), Distance : 359 ft
|
|
Batting: RHB George Wagner
|
0-0: SINGLE (Groundball, 6D, EV 104.4 MPH)
|
|
Batting: RHB Steve Gusman
|
0-0: Called Strike 0-1: Ball 1-1: Called Strike 1-2: Grounds into double play, 6-4-3 (Groundball, 6, EV 85.6 MPH)
|
| Bottom of the 7th over - 1 run, 2 hits, 0 errors, 0 left on base; Burlington 2 - Lake County 3 |
| TOP OF THE 8TH |
|
Burlington Bees batting - Pitching for Lake County Captains : RHP Victor Barron
|
|
Now at 2B: Reynaldo Herrera
|
|
|
Now at 3B: Jeremy Givens
|
|
|
Now at SS: John Bianconi
|
|
|
Now in LF: Steve Gusman
|
|
|
Batting: RHB Sean Rocha
|
0-0: Fly out, F4 (Popup, 34S, EV 81.9 MPH)
|
|
Batting: RHB Danny Bjarnson
|
0-0: Called Strike 0-1: Ball 1-1: Ball 2-1: Ball 3-1: Foul Ball, location: 2F 3-2: Fly out, F7 (Line Drive, 7, EV 106.9 MPH)
|
|
Batting: RHB Peter Westover
|
0-0: Ball 1-0: Ball 2-0: Ground out 1-3 (Groundball, 15S, EV 66.9 MPH)
|
| Top of the 8th over - 0 runs, 0 hits, 0 errors, 0 left on base; Burlington 2 - Lake County 3 |
| BOTTOM OF THE 8TH |
|
Lake County Captains batting - Pitching for Burlington Bees : RHP Jose Alvarado
|
|
Pitching: RHP Simon Vogel
|
|
|
Batting: RHB Josh Patterson
|
0-0: Ball 1-0: Called Strike 1-1: Called Strike 1-2: Fly out, F1 (Line Drive, P, EV 71.2 MPH)
|
|
Batting: LHB Jeff Palmowski
|
0-0: Called Strike 0-1: Ball 1-1: Swinging Strike 1-2: Foul Ball, location: 2F 1-2: Strikes out looking
|
|
Batting: RHB Reynaldo Herrera
|
0-0: Called Strike 0-1: Ball 1-1: Foul Ball, location: 2F 1-2: Ground out 6-3 (Groundball, 6, EV 90.0 MPH)
|
| Bottom of the 8th over - 0 runs, 0 hits, 0 errors, 0 left on base; Burlington 2 - Lake County 3 |
| TOP OF THE 9TH |
|
Burlington Bees batting - Pitching for Lake County Captains : RHP Victor Barron
|
|
Pitching: LHP Troy Salzer
|
|
|
Batting: SHB Danny Gelinas
|
0-0: Ball 1-0: Called Strike 1-1: Called Strike 1-2: Ball 2-2: Strikes out swinging
|
|
Batting: RHB Dan Burkhart
|
0-0: Fly out, F9 (Flyball, 89S, EV 81.2 MPH)
|
|
Batting: LHB Spencer Palmer
|
0-0: Swinging Strike 0-1: Ball 1-1: Foul Ball, location: 2F 1-2: Strikes out swinging
|
| Top of the 9th over - 0 runs, 0 hits, 0 errors, 0 left on base; Burlington 2 - Lake County 3 |
|